Cogmind - Beta 14 @@@ ROGUE MODE // 2024.09.09 @ 00:07:27 Player: Maulwurf Result: Destroyed by G-67 Veteran with Plasma Rifle Performance ------------- Evolutions (7) 3500 Regions Visited (11) 2200 Robots Destroyed (38) 190 Value Destroyed (1018) 1018 Prototype IDs (3) 60 Alien Tech Used (0) 0 Bonus (0) 0 TOTAL SCORE: 6968 Bonus ------- None Cogmind --------- Core Integrity 0/1300 Matter 56/300 Energy 100/100 System Corruption 0% Temperature Cool (0) Movement Core (50) Location -3/Research Parts ------- > --- POWER (1) -------- (None) > --- PROPULSION (9) --- (None) > --- UTILITY (8) ------ (None) > --- WEAPON (3) ------- (None) > --- INVENTORY (5) ---- (None) Peak State ------------ > --- POWER ------------ Improved Ion Engine > --- PROPULSION ------- Improved Aluminum Leg Improved Aluminum Leg Improved Aluminum Leg Improved Aluminum Leg > --- UTILITY ---------- Medium Storage Unit Large Storage Unit Improved Terrain Scanner > --- WEAPON ----------- Field Laser Light Assault Rifle Flak Cannon > --- INVENTORY -------- Ion Engine Light Ion Engine Aluminum Leg Aluminum Leg Aluminum Leg Aluminum Leg Small Storage Unit Medium Matter Pod Light Armor Plating Medium Armor Plating Small Laser Assault Rifle Grenade Launcher [Rating: 23] Favorites ----------- Power Improved Ion Engine Engine Improved Ion Engine Power Core Light Nuclear Core Propulsion Aluminum Leg Treads Light Treads Leg Aluminum Leg Utility Large Storage Unit Device Improved Terrain Scanner Storage Large Storage Unit Protection Light Armor Plating Weapon Light Assault Rifle Energy Gun Arc Projector Ballistic Gun Light Assault Rifle Ballistic Cannon Flak Cannon Launcher Grenade Launcher Special Weapon Mining Laser Build | -11 -10 -9 -9 -9 -8 -8 -7 -6 -5 -4 -3 ------- Run | Yrd Mat Mat Min Exi Min Mat Fac Fac Fac Fac Res Slots Evolved 14 | . . 2 . . . 2 2 2 2 2 2 Power . | . . . . . . . . . . . . Propulsion 7 | . . 2 . . . . 1 1 1 1 1 Utility 6 | . . . . . . 1 1 1 1 1 1 Weapon 1 | . . . . . . 1 . . . . . Parts Attached 44 | 7 3 7 . 1 . 13 4 4 . . 5 Power 7 | 1 . 1 . . . 2 1 1 . . 1 Engine 4 | 1 . 1 . . . 2 . . . . . Core 3 | . . . . . . . 1 1 . . 1 Reactor . | . . . . . . . . . . . . Propulsion 15 | 3 . 4 . 1 . 4 3 . . . . Treads 1 | 1 . . . . . . . . . . . Leg 14 | 2 . 4 . 1 . 4 3 . . . . Wheel . | . . . . . . . . . . . . Hover . | . . . . . . . . . . . . Flight . | . . . . . . . . . . . . Utility 6 | 1 1 1 . . . 2 . . . . 1 Device 1 | . . . . . . 1 . . . . . Storage 3 | 1 1 1 . . . . . . . . . Processor . | . . . . . . . . . . . . Hackware . | . . . . . . . . . . . . Protection 2 | . . . . . . 1 . . . . 1 Artifact . | . . . . . . . . . . . . Weapon 16 | 2 2 1 . . . 5 . 3 . . 3 Energy Gun 5 | . . . . . . 1 . 3 . . 1 Energy Cannon . | . . . . . . . . . . . . Ballistic Gun 4 | 2 . . . . . 1 . . . . 1 Ballistic Cannon 2 | . . . . . . 2 . . . . . Launcher 4 | . 1 1 . . . 1 . . . . 1 Special Weapon 1 | . 1 . . . . . . . . . . Impact Weapon . | . . . . . . . . . . . . Slashing Weapon . | . . . . . . . . . . . . Piercing Weapon . | . . . . . . . . . . . . Special Melee Weapon . | . . . . . . . . . . . . Unidentified Prototypes 1 | . . . . . . . . 1 . . . Parts Lost 23 | . . . . . . 9 . 9 . . 5 Power 5 | . . . . . . 2 . 2 . . 1 Propulsion 7 | . . . . . . 4 . 3 . . . Utility 3 | . . . . . . 1 . 1 . . 1 Weapon 8 | . . . . . . 2 . 3 . . 3 Highest Loss Streak 9 | . . . . . . 9 . 7 . . 5 To Critical Strikes . | . . . . . . . . . . . . Average Slot Usage (%) 82 | . 91 97 100 99 100 84 30 38 . . 13 Engine 8 | . 14 11 11 11 11 8 . . . . . Leg 33 | . 28 41 44 43 44 32 19 12 . . . Storage 17 | . 19 22 22 22 22 16 7 5 . . . Energy Gun 2 | . . . . . . 4 . 13 . . 2 Ballistic Gun 9 | . 16 11 11 11 11 8 . . . . 2 Launcher 7 | . 9 11 11 11 11 5 . . . . 1 Peak Build Rating 23 | 6 8 12 12 12 12 23 8 21 . . 7 Average Rating 11 | 5 6 10 12 11 12 15 5 16 . . 4 On Entrance 6 | . 6 8 12 12 12 12 2 8 . . . Naked Turns 124 | . . . . . . . . 8 38 55 23 Heaviest Build 50 | 13 24 41 41 41 41 50 25 38 . . 14 Greatest Support 52 | 20 20 43 43 43 43 52 30 30 3 3 3 Greatest Overweight (x) 9 | 4 1 1 . 1 . 6 . 9 . . 4 Average Overweight (x) . | . . . . . . . . . . . 3 Largest Inventory Capacity 15 | 8 10 15 15 15 15 15 15 15 5 5 5 Average Capacity 13 | 7 8 11 15 15 15 15 15 14 5 5 5 Most Carried 15 | 4 10 15 15 15 15 15 11 12 5 5 4 Average Carried 12 | 2 8 10 15 14 15 13 9 9 5 5 . Final Capacity 15 | 8 10 15 15 15 15 15 15 5 5 5 5 Final Carried 15 | 4 10 15 15 15 15 12 9 5 5 5 . Class Distribution -------------------- 81% | Mutant 6% | Gunner 5% | Tank 5% | Skirmisher Dominant Class ---------------- Mutant | -10/Materials Mutant | -9/Materials Mutant | -9/Mines Mutant | -9/Exiles Mutant | -8/Mines Mutant | -8/Materials Mutant | -7/Factory Gunner | -6/Factory Mutant | -5/Factory Mutant | -4/Factory Mutant | -3/Research Resources | -11 -10 -9 -9 -9 -8 -8 -7 -6 -5 -4 -3 ----------- Run | Yrd Mat Mat Min Exi Min Mat Fac Fac Fac Fac Res Matter Collected 727 | 192 138 60 39 14 47 141 26 70 . . . Remotely . | . . . . . . . . . . . . Salvage Created 791 | . 171 10 . . 170 274 26 140 . . . Parts 60 | . 14 1 . . 10 23 3 9 . . . Haulers Intercepted 1 | . 1 . . . . . . . . . . Recyclers Shooed 2 | . 1 . . . . 1 . . . . . Parts Field Recycled . | . . . . . . . . . . . . Retrieved Matter . | . . . . . . . . . . . . Parts Self-Destructed . | . . . . . . . . . . . . Prevented . | . . . . . . . . . . . . Kills | -11 -10 -9 -9 -9 -8 -8 -7 -6 -5 -4 -3 ------- Run | Yrd Mat Mat Min Exi Min Mat Fac Fac Fac Fac Res Combat Hostiles Destroyed 25 | . 4 . . . 6 11 . 4 . . . Guns 7 | . 1 . . . 1 1 . 4 . . . AOE 18 | . 3 . . . 5 10 . . . . . Classes Destroyed 13 | . 6 . . . 2 5 . . . . . Worker 4 | . . . . . 1 2 1 . . . . Builder 2 | . 1 . . . . 1 . . . . . Tunneler 1 | . . . . . . 1 . . . . . Hauler 1 | . 1 . . . . . . . . . . Recycler 1 | . 1 . . . . . . . . . . Operator 1 | . . . . . . 1 . . . . . Watcher 3 | . 2 1 . . . . . . . . . Swarmer 9 | . 3 . . . . 3 . 3 . . . Grunt 10 | . 1 . . . 4 4 . 1 . . . Brawler 2 | . . . . . 2 . . . . . . Sentry 1 | . . . . . . 1 . . . . . Specialist 2 | . . . . . . 2 . . . . . Hunter 1 | . . . . . . 1 . . . . . Best Kill Streak 9 | . 6 1 . . 7 9 1 3 . . . Combat Bots Only 7 | . 3 . . . 6 7 . 3 . . . Max Kills in Single Turn 4 | . 4 1 . . 2 4 1 1 . . . Gunslinging . | . . . . . . . . . . . . Exploded 4 | . 1 . . . 2 4 . . . . . Melee . | . . . . . . . . . . . . Uniques/NPCs Destroyed . | . . . . . . . . . . . . Combat | -11 -10 -9 -9 -9 -8 -8 -7 -6 -5 -4 -3 -------- Run | Yrd Mat Mat Min Exi Min Mat Fac Fac Fac Fac Res Hostile Shots Fired 409 | . 29 . . . 15 92 . 164 . . 109 Missed 123 | . 8 . . . 7 34 . 48 . . 26 Damage Taken 5151 | . 198 . . . 137 1520 . 1636 . . 1660 Core 2543 | . 19 . . . 29 514 . 680 . . 1301 Absorbed by Shields . | . . . . . . . . . . . . Core Remaining (%) 76 | 100 92 . . . 92 6 100 20 100 100 . Volleys Fired 72 | . 15 1 . . 10 29 . 13 . . 4 Largest 3 | . 2 2 . . 2 3 . 3 . . 1 Hottest 175 | . 120 50 . . 50 137 . 175 . . 20 Shots Fired 144 | . 21 2 . . 20 78 . 19 . . 4 Gun 96 | . 15 1 . . 10 47 . 19 . . 4 Cannon 13 | . . . . . . 13 . . . . . Launcher 34 | . 5 1 . . 10 18 . . . . . Special 1 | . 1 . . . . . . . . . . Kinetic 66 | . 15 1 . . 10 36 . . . . 4 Thermal 38 | . 1 . . . . 24 . 13 . . . Explosive 34 | . 5 1 . . 10 18 . . . . . Electromagnetic 6 | . . . . . . . . 6 . . . Robot Hit Streak 10 | . 2 3 . . 9 10 . 4 . . 1 Robot Miss Streak 5 | . 4 1 . . 5 3 . 3 . . 4 Penetration Max . | . . . . . . . . . . . . Secondary Targets . | . . . . . . . . . . . . Shots Hit Robots 63 | . 7 1 . . 11 32 . 11 . . 1 Core Hits 90 | . 11 3 . . 21 47 1 6 . . 1 Critical Kills . | . . . . . . . . . . . . Critical Parts Destroyed 1 | . 1 . . . . . . . . . . Critical Strikes 3 | . 1 . . . . 2 . . . . . Burn 2 | . . . . . . 2 . . . . . Destroy 1 | . 1 . . . . . . . . . . Melee Attacks . | . . . . . . . . . . . . Impact . | . . . . . . . . . . . . Slashing . | . . . . . . . . . . . . Piercing . | . . . . . . . . . . . . Sneak Attacks . | . . . . . . . . . . . . Combat Hostiles . | . . . . . . . . . . . . Follow-up Attacks . | . . . . . . . . . . . . Damage Inflicted 3192 | . 468 36 9 . 731 1638 25 272 . . 13 Guns 643 | . 46 8 . . 62 243 . 271 . . 13 Cannons 192 | . . . . . . 192 . . . . . Explosions 2289 | . 419 26 . . 662 1182 . . . . . Melee . | . . . . . . . . . . . . Ramming 68 | . 3 2 9 . 7 21 25 1 . . . Kinetic 408 | . 46 8 . . 62 279 . . . . 13 Thermal 392 | . . . . . . 156 . 236 . . . Explosive 2289 | . 419 26 . . 662 1182 . . . . . Electromagnetic 35 | . . . . . . . . 35 . . . Impact . | . . . . . . . . . . . . Slashing . | . . . . . . . . . . . . Piercing . | . . . . . . . . . . . . Highest Corruption 7 | . . . . . . . . 7 . . . Average Corruption 3 | . . . . . . . . 3 . . . Corruption Purged . | . . . . . . . . . . . . Corruption Blocked . | . . . . . . . . . . . . Effects 1 | . . . . . . . . 1 . . . Matter Fused 1 | . . . . . . . . 1 . . . Overload Shots . | . . . . . . . . . . . . Overflow Damage 82 | . 48 . . . . 34 . . . . . Projectiles . | . . . . . . . . . . . . Explosions 82 | . 48 . . . . 34 . . . . . Melee . | . . . . . . . . . . . . Knockbacks 2 | . . . . . . 2 . . . . . Impact . | . . . . . . . . . . . . Kinetic 2 | . . . . . . 2 . . . . . Secondary . | . . . . . . . . . . . . Self-Inflicted Damage 116 | . 22 . . . 19 75 . . . . . Shots 7 | . 1 . . . 2 4 . . . . . Rammed 1 | . . . . . . . . 1 . . . Targets Rammed 15 | 1 2 2 1 . 1 5 2 1 . . . Kicked 14 | 1 2 2 1 . 1 5 2 . . . . Crushed . | . . . . . . . . . . . . Highest Temperature 336 | . 40 4 . . 24 153 . 336 . . 12 Average Temperature 66 | . 12 3 . . 9 59 . 138 . . 6 Received Heat Transfer 1276 | . 12 . . . 72 336 . 408 . . 448 Siege Activations . | . . . . . . . . . . . . Robots Corrupted . | . . . . . . . . . . . . Combat Hostiles . | . . . . . . . . . . . . Parts Fried . | . . . . . . . . . . . . Impact Corruptions . | . . . . . . . . . . . . Robots Melted . | . . . . . . . . . . . . Combat Hostiles . | . . . . . . . . . . . . Parts Melted . | . . . . . . . . . . . . Heat Transferred 814 | . . . . . . 481 . 333 . . . Parts Sabotaged . | . . . . . . . . . . . . Parts Stolen . | . . . . . . . . . . . . Parts Stripped . | . . . . . . . . . . . . Power Chain Reactions . | . . . . . . . . . . . . Alert | -11 -10 -9 -9 -9 -8 -8 -7 -6 -5 -4 -3 ------- Run | Yrd Mat Mat Min Exi Min Mat Fac Fac Fac Fac Res Peak Influence 326 | . 171 103 39 . 187 326 150 153 50 24 17 Initial 130 | . . 72 39 . . 72 130 73 50 24 12 Average 104 | . 87 92 39 . 89 144 140 128 50 24 8 Maximum Alert Level 1 | . . . . . . 1 . . . . . Low Security (%) 92 | 100 100 100 100 . 100 77 100 100 100 100 100 Level 1 7 | . . . . . . 22 . . . . . Level 2 . | . . . . . . . . . . . . Level 3 . | . . . . . . . . . . . . Level 4 . | . . . . . . . . . . . . Level 5 . | . . . . . . . . . . . . High Security . | . . . . . . . . . . . . Max Security . | . . . . . . . . . . . . Squads Dispatched 10 | . 1 2 . . . 4 1 2 . . . Investigation 2 | . . 1 . . . 1 . . . . . Extermination 1 | . . . . . . . . 1 . . . Reinforcement 7 | . 1 1 . . . 3 1 1 . . . Assault . | . . . . . . . . . . . . Garrison . | . . . . . . . . . . . . Intercept . | . . . . . . . . . . . . Searches Triggered . | . . . . . . . . . . . . Construction Impeded 1 | . . . . . . 1 . . . . . Haulers Reinforced . | . . . . . . . . . . . . Active Scanning Responses . | . . . . . . . . . . . . Cargo Convoy Interrupts . | . . . . . . . . . . . . Stealth | -11 -10 -9 -9 -9 -8 -8 -7 -6 -5 -4 -3 --------- Run | Yrd Mat Mat Min Exi Min Mat Fac Fac Fac Fac Res Distress Signals 4 | . 1 . . . 1 2 . . . . . Communications Jammed . | . . . . . . . . . . . . Distress Signals . | . . . . . . . . . . . . Times Spotted 53 | . 7 1 . . 6 19 3 11 . . 6 Peak Tracking Total 8 | . 4 2 . . 6 8 1 6 . . 6 Tactical Retreats 3 | . . . . . . 2 . 1 . . . Traps | -11 -10 -9 -9 -9 -8 -8 -7 -6 -5 -4 -3 ------- Run | Yrd Mat Mat Min Exi Min Mat Fac Fac Fac Fac Res Traps Triggered 3 | . . . . . . 2 1 . . . . Indirectly . | . . . . . . . . . . . . Trap Hack Attempts . | . . . . . . . . . . . . Triggered . | . . . . . . . . . . . . Disarmed . | . . . . . . . . . . . . Reprogrammed . | . . . . . . . . . . . . Reused . | . . . . . . . . . . . . Traps Extracted . | . . . . . . . . . . . . Installed . | . . . . . . . . . . . . Triggered . | . . . . . . . . . . . . Machines | -11 -10 -9 -9 -9 -8 -8 -7 -6 -5 -4 -3 ---------- Run | Yrd Mat Mat Min Exi Min Mat Fac Fac Fac Fac Res Machines Disabled 2 | . . . . . . 2 . . . . . Max in Single Turn 1 | . . . . . . 1 . . . . . Machines Repaired . | . . . . . . . . . . . . Machines Dismantled . | . . . . . . . . . . . . Machines Sabotaged . | . . . . . . . . . . . . Overloaded Fab Kills . | . . . . . . . . . . . . Hacking | -11 -10 -9 -9 -9 -8 -8 -7 -6 -5 -4 -3 --------- Run | Yrd Mat Mat Min Exi Min Mat Fac Fac Fac Fac Res Machines Accessed 9 | . 1 . . 4 . 4 . . . . . Terminals 5 | . 1 . . . . 4 . . . . . Fabricators . | . . . . . . . . . . . . Repair Stations . | . . . . . . . . . . . . Recycling Units . | . . . . . . . . . . . . Scanalyzers . | . . . . . . . . . . . . Garrison Access . | . . . . . . . . . . . . Total Hacks 58 | . 3 . . 49 . 6 . . . . . Successful 55 | . 2 . . 49 . 4 . . . . . Failed 3 | . 1 . . . . 2 . . . . . Catastrophic 2 | . . . . . . 2 . . . . . Database Lockouts . | . . . . . . . . . . . . Manual 4 | . 1 . . 3 . . . . . . . Terminals 9 | . 3 . . . . 6 . . . . . Fabricators . | . . . . . . . . . . . . Repair Stations . | . . . . . . . . . . . . Recycling Units . | . . . . . . . . . . . . Scanalyzers . | . . . . . . . . . . . . Garrison Access . | . . . . . . . . . . . . Terminal Hacks 55 | . 2 . . 49 . 4 . . . . . Record 51 | . 2 . . 49 . . . . . . . Prototype ID Bank 1 | . . . . . . 1 . . . . . Alert Level 1 | . . . . . . 1 . . . . . Hauler Manifests 1 | . . . . . . 1 . . . . . Zone Layout 1 | . . . . . . 1 . . . . . Fabricator Hacks . | . . . . . . . . . . . . Repair Station Hacks . | . . . . . . . . . . . . Recycling Unit Hacks . | . . . . . . . . . . . . Scanalyzer . | . . . . . . . . . . . . Garrison Access Hacks . | . . . . . . . . . . . . Unauthorized Hacks . | . . . . . . . . . . . . Terminals . | . . . . . . . . . . . . Fabricators . | . . . . . . . . . . . . Repair Stations . | . . . . . . . . . . . . Recycling Units . | . . . . . . . . . . . . Scanalyzers . | . . . . . . . . . . . . Garrison Access . | . . . . . . . . . . . . Data Cores Recovered 1 | . . . . . . 1 . . . . . Used . | . . . . . . . . . . . . Hacking Detections 5 | . 1 . . . . 4 . . . . . Full Trace Events . | . . . . . . . . . . . . Feedback Events . | . . . . . . . . . . . . Feedback Blocked . | . . . . . . . . . . . . Robot Schematics Acquired . | . . . . . . . . . . . . Robots Built . | . . . . . . . . . . . . Authchips . | . . . . . . . . . . . . Time . | . . . . . . . . . . . . Total Robot Build Rating . | . . . . . . . . . . . . Part Schematics Acquired . | . . . . . . . . . . . . Parts Built . | . . . . . . . . . . . . Authchips . | . . . . . . . . . . . . Time . | . . . . . . . . . . . . Total Part Build Rating . | . . . . . . . . . . . . Parts Repaired . | . . . . . . . . . . . . Time . | . . . . . . . . . . . . Parts Recycled . | . . . . . . . . . . . . Recycled Matter . | . . . . . . . . . . . . Retrieved Matter . | . . . . . . . . . . . . Retrieved Components . | . . . . . . . . . . . . Parts Scanalyzed . | . . . . . . . . . . . . Part Schematics Acquired . | . . . . . . . . . . . . Parts Damaged . | . . . . . . . . . . . . Bothacking | -11 -10 -9 -9 -9 -8 -8 -7 -6 -5 -4 -3 ------------ Run | Yrd Mat Mat Min Exi Min Mat Fac Fac Fac Fac Res Used RIF Installer . | . . . . . . . . . . . . Robots Hacked . | . . . . . . . . . . . . Non-combat . | . . . . . . . . . . . . Combat . | . . . . . . . . . . . . Robot Hacks Applied . | . . . . . . . . . . . . Relay Couplers Released . | . . . . . . . . . . . . Fabnet Peak Effective % . | . . . . . . . . . . . . Robots Rewired . | . . . . . . . . . . . . Allies Hacked . | . . . . . . . . . . . . Hacks Repelled . | . . . . . . . . . . . . Allies | -11 -10 -9 -9 -9 -8 -8 -7 -6 -5 -4 -3 -------- Run | Yrd Mat Mat Min Exi Min Mat Fac Fac Fac Fac Res Total Allies . | . . . . . . . . . . . . Largest Group . | . . . . . . . . . . . . Highest-Rated Group . | . . . . . . . . . . . . Highest-Rated Ally . | . . . . . . . . . . . . Total Orders . | . . . . . . . . . . . . Ally Attacks . | . . . . . . . . . . . . Total Damage . | . . . . . . . . . . . . Kills . | . . . . . . . . . . . . Allies Corrupted . | . . . . . . . . . . . . Allies Melted . | . . . . . . . . . . . . Intel | -11 -10 -9 -9 -9 -8 -8 -7 -6 -5 -4 -3 ------- Run | Yrd Mat Mat Min Exi Min Mat Fac Fac Fac Fac Res Robot Analysis Total . | . . . . . . . . . . . . Derelict Logs Recovered . | . . . . . . . . . . . . Drone Launches . | . . . . . . . . . . . . Drone Recoveries . | . . . . . . . . . . . . Exploration | -11 -10 -9 -9 -9 -8 -8 -7 -6 -5 -4 -3 ------------- Run | Yrd Mat Mat Min Exi Min Mat Fac Fac Fac Fac Res Turns Passed 3510 | 92 315 288 100 1309 86 691 139 311 38 55 86 Spaces Moved 2505 | 57 173 202 83 1064 47 412 106 158 75 105 23 Core 236 | 7 . . . . . 12 . 14 75 105 23 Treads . | . . . . . . . . . . . . Legs 2269 | 50 173 202 83 1064 47 400 106 144 . . . Wheels . | . . . . . . . . . . . . Hover . | . . . . . . . . . . . . Flight . | . . . . . . . . . . . . Fastest Speed 50 | 50 120 120 120 120 120 120 120 50 50 50 100 Average Speed 124 | 125 145 124 120 120 120 135 120 169 50 50 217 Slowest Speed 500 | 250 190 190 120 190 120 350 120 500 50 50 250 Overloaded Moves . | . . . . . . . . . . . . Propulsion Burnouts . | . . . . . . . . . . . . Robots Hopped . | . . . . . . . . . . . . Cave-ins Triggered . | . . . . . . . . . . . . Exploration Rate (%) 19 | 4 28 18 32 93 11 35 4 5 3 3 1 Regions Visited 11 Branch Regions 3 Pre-discovered Areas 1 | . . . . 1 . . . . . . . Known Exits Taken . | . . . . . . . . . . . . Unknown Exits Taken 11 | 1 1 1 1 1 1 1 1 1 1 1 . Scrap Searched 1 | . . . 1 . . . . . . . . Spaces Dug 15 | . 1 . . . . 14 . . . . . Terrain Destroyed 204 | . 32 9 . . 62 101 . . . . . Melee . | . . . . . . . . . . . . Projectile 1 | . 1 . . . . . . . . . . AOE 203 | . 31 9 . . 62 101 . . . . . Terrain Rammed . | . . . . . . . . . . . . Walls Destroyed . | . . . . . . . . . . . . Machines Disabled . | . . . . . . . . . . . . Actions | -11 -10 -9 -9 -9 -8 -8 -7 -6 -5 -4 -3 --------- Run | Yrd Mat Mat Min Exi Min Mat Fac Fac Fac Fac Res Total 2796 | 77 217 244 83 1089 58 496 117 180 74 106 55 Wait 72 | 2 6 3 . 17 1 18 . . . 2 23 Move 2494 | 56 172 201 82 1063 46 411 105 157 74 104 23 Hop . | . . . . . . . . . . . . Pick Up 53 | 10 13 16 . 2 . 6 1 5 . . . Fast Attach . | . . . . . . . . . . . . Attach 44 | 7 3 7 . 1 . 13 4 4 . . 5 Detach 14 | 1 . 5 . . . 8 . . . . . Swap . | . . . . . . . . . . . . Drop 23 | . 6 9 . 2 . 6 . . . . . Fire 72 | . 15 1 . . 10 29 . 13 . . 4 Melee . | . . . . . . . . . . . . Ram 1 | . . . . . . . . 1 . . . Kick 14 | 1 2 2 1 . 1 5 2 . . . . Crush . | . . . . . . . . . . . . Escape Stasis 5 | . . . . . . . 5 . . . . Rewire 4 | . . . . 4 . . . . . . . Trap . | . . . . . . . . . . . . Miscellaneous . | . . . . . . . . . . . . Route ------- -11/Scrapyard -10/Materials -9/Materials -9/Mines (discovered 2 exits: *Mat / *Exi) -9/Exiles (discovered 2 exits: [*Min x2]) -8/Mines -8/Materials -7/Factory -6/Factory -5/Factory -4/Factory -3/Research History --------- Turn | Location | Event 14 | -11/Scrapyard | Discovered new exit (range 16) 93 | -11/Scrapyard | Entered Materials 316 | -10/Materials | Build established: Mutant 399 | -10/Materials | Discovered new exit (range 3) 408 | -10/Materials | Entered another Materials area 408 | -9/Materials | Evolved 2 slots: Propulsion x2 549 | -9/Materials | Met 8R-AWN 589 | -9/Materials | Discovered new exit (range 15) 696 | -9/Materials | Entered Mines 698 | -9/Mines | Followed 8R-AWN into the Mines 732 | -9/Mines | Discovered new exit (range 14) 789 | -9/Mines | Discovered new exit (range 5) 796 | -9/Mines | Entered Exiles 844 | -9/Exiles | Welcomed by 8R-AWN 874 | -9/Exiles | Met EX-HEX 914 | -9/Exiles | Met EX-BIN 1190 | -9/Exiles | Met EX-DEC 1372 | -9/Exiles | Learned location of Zion (-7) 1442 | -9/Exiles | Discovered new exit (range 10) 1555 | -9/Exiles | Visited The Gauntlet 1842 | -9/Exiles | Learned about 8R-AWN's background 1924 | -9/Exiles | Discovered new exit (range 15) 2105 | -9/Exiles | Entered Mines 2170 | -8/Mines | Discovered new exit (range 13) 2191 | -8/Mines | Entered Materials 2191 | -8/Materials | Evolved 2 slots: Utility x1, Weapon x1 2737 | -8/Materials | Discovered new exit (range 10) 2745 | -8/Materials | Destroyed 7 combat bots 2836 | -8/Materials | Core integrity fell below 50% 2853 | -8/Materials | Core integrity fell below 20% 2871 | -8/Materials | Lost 9 parts (2p4n1u2w) 2882 | -8/Materials | Entered Factory 2882 | -7/Factory | Evolved 2 slots: Propulsion x1, Utility x1 3010 | -7/Factory | Discovered new exit (range 9) 3021 | -7/Factory | Entered another Factory area 3021 | -6/Factory | Evolved 2 slots: Propulsion x1, Utility x1 3310 | -6/Factory | Discovered new exit (range 15) 3322 | -6/Factory | Core integrity fell below 50% 3332 | -6/Factory | Entered another Factory area 3332 | -5/Factory | Evolved 2 slots: Propulsion x1, Utility x1 3355 | -5/Factory | Lost 7 parts (1p2n1u3w) 3366 | -5/Factory | Discovered new exit (range 8) 3370 | -5/Factory | Entered another Factory area 3370 | -4/Factory | Evolved 2 slots: Propulsion x1, Utility x1 3417 | -4/Factory | Discovered new exit (range 15) 3425 | -4/Factory | Entered Research 3425 | -3/Research | Evolved 2 slots: Propulsion x1, Utility x1 3500 | -3/Research | Core integrity fell below 50% 3509 | -3/Research | Core integrity fell below 20% 3511 | -3/Research | Destroyed by G-67 Veteran with Plasma Rifle Last Messages --------------- [Achievement: Streaker] PARAMETERS=PROPULSION+1,UTILITY+1 LOCATION=UNKNOWN GOAL=ESCAPE 03406_ K-01 Serf collects debris. 03417_ EXIT=FOUND [Achievement: Dangerous Findings] PARAMETERS=PROPULSION+1,UTILITY+1 LOCATION=UNKNOWN GOAL=ESCAPE 03459_ Grenade Launcher destroyed. 03470_ ALERT: All DSF locations entering lockdown mode. 03477_ Sml. Laser destroyed. 03484_ Lgt. Armor Plating destroyed. 03486_ Assault Rifle destroyed. 03486_ Critical hit (Burn: +37). 03488_ Lgt. Nuclear Core destroyed. 03499_ Critical hit (Burn: +50). 03508_ Critical hit (Burn: +37). [Achievement: 5k Club] Map ----- +----------------------------------------------------+ | ?????????????????????????????????????????????????? | | ?????????????????????????????????????????????????? | | ?????????????????????????????????????????????????? | | ?????????????????????????????????????????????????? | | ?????????????????????????????????????????????????? | | ?????????????????????????????????????????????????? | | ?????????????????????????????????????????????????? | | ?????????????????????????????????????????????????? | | ?????????????????????????????????????????????????? | | ?????????????????????????????????????????????????? | | ?????????????????????????????????????????????????? | | ?????????????????????????????????????????????????? | | ?????????????????????????????????????????????????? | | ?????????????????????????????????????????????????? | | ?????????????????????????????????????????????????? | | ?????????????????????????????????????????????????? | | ????????????########?????????????????????????????? | | ????????????# ??????????????????????????????? | | ????????????# ??????????????????????????????? | | ????????????# ???????????????????????????????? | | ????????????# ???????????????????????????????? | | ????????????# #???????????????????????????????? | | ????????????# #############???????????????????? | | ????????????# # g #???????????????????? | | ????????????# # g g ! #???????????????????? | | ????????????# # g @ #???????????????????? | | ????????????# # g #???????????????????? | | ????????????# + """ #???????????????????? | | ????????????# # """ #???????????????????? | | ????????????# # """ #???????????????????? | | ?????????#### #############???????????????????? | | ?????????# ????????????????????? | | ?????????# ????????????????????? | | ?????????# ????????????????????? | | ?????????# ????????????????????? | | ?????????#####+############ ?????????????????????? | | ?????????????????????????????????????????????????? | | ?????????????????????????????????????????????????? | | ?????????????????????????????????????????????????? | | ?????????????????????????????????????????????????? | | ?????????????????????????????????????????????????? | | ?????????????????????????????????????????????????? | | ?????????????????????????????????????????????????? | | ?????????????????????????????????????????????????? | | ?????????????????????????????????????????????????? | | ?????????????????????????????????????????????????? | | ?????????????????????????????????????????????????? | | ?????????????????????????????????????????????????? | | ?????????????????????????????????????????????????? | | ?????????????????????????????????????????????????? | +----------------------------------------------------+ Best States ------------- Heat Dissipation 46 Energy Generation 14 Energy Capacity 265 Matter Stores 300 Matter Capacity 300 Sight Range 16 Terrain Scan Range 16 Terrain Scan Density 10 Armor Coverage 150 Evasion (%) 55 Recoil Reduction 1 Item Schematics ----------------- None Robot Schematics ------------------ None Fabricated ------------ Nothing Alien Tech Used ----------------- None Achievements -------------- 5k Club Close Call Dangerous Findings Leap Before You Look Librarian Made in Tau Ceti IV Streaker Tourist Challenges ------------ None Game ------ Seed DataGreatInjector Manual? 0 Play Time 01:00:22 Cumulative 4.3 hours Start 2024.09.08 @ 21:09:58 End 2024.09.09 @ 00:07:27 Sessions 1 Manual Loads 0 Difficulty Rogue Special Mode None Game No. 10 Rogue 10 Adventurer 0 Explorer 0 Win Type - Total 0 Types 0/0/0/0/0/0/0/0/0 Lore% 6 Gallery% 6 Achievement% 10 Wizard Run 0 Options --------- Layout 0 ASCII 0 Keyboard 1 Movement Numpad Keybinds 0 Fullscreen 1 Font 18/SmallcapsGlow Map View 76x50 Zoom Use 0% Tactical HUD 1 Map Filters NONE Filters NONE Steam 1 RUN: a69f03ec-8d2a-4066-b07e-df04648ca698